AoeStats
← Achilles

Arena

509694145Analyzed
4v4 RM · 4d ago on Sep 27, 2026· 40m 51s· 8 players
Game mode
Random Map
Map size
Large (8 player)
Population
200
Speed
Normal
Resources
Standard
Victory
Conquest
Starting age
Dark Age
Ending age
Imperial Age
RankedLock teamsTeams togetherTeam positionsShared explorationLock speedFull tech treeHidden civsTurbo modeCheats
Victory
Defeat
🇬🇧 Khmer · United Kingdom
1090
+11
🇪🇬 Goths · Egypt
1068
+12
🇸🇰 Spanish · Slovakia
1062
+12
🇹🇷 Cumans · Türkiye
1020
+13
🇩🇪 Hindustanis · Germany
1013
-14
🇩🇪 Ethiopians · Germany
993
-13
🇩🇪 Khmer · Germany
956
-11
🇩🇪 Georgians · Germany
912
-10
Evil Morty
11:17 Feudal Age
15:13 Castle Age
14:19 Double-Bit Axe
14:37 Horse Collar
15:09 Gold Mining
16:56 Wheelbarrow
16:43 Stone Mining
17:37 Bow Saw
19:48 Heavy Plow
25:32 Hand Cart
32:43 Imperial Age
30:01 Loom
30:39 Padded Archer Armor
30:54 Bloodlines
30:44 Husbandry
31:42 Caravan
32:56 Stone Shaft Mining
32:57 Town Watch
33:51 Conscription
33:51 Light Cavalry
35:01 Leather Archer Armor
35:52 Chemistry
36:07 Two-Man Saw
37:15 Elite Conquistador
Botgamer928
10:40 Feudal Age
14:50 Castle Age
12:59 Double-Bit Axe
13:09 Horse Collar
22:59 Wheelbarrow
23:53 Loom
27:32 Imperial Age
25:49 Hand Cart
25:42 Heavy Plow
27:33 Scale Barding Armor
27:38 Forging
28:58 Conscription
29:04 Chain Barding Armor
29:20 Tusk Swords
28:44 Elite Battle Elephant
29:24 Gold Mining
29:45 Husbandry
30:16 Bloodlines
30:47 Iron Casting
32:02 Plate Barding Armor
33:07 Chemistry
35:05 Blast Furnace
37:18 Capped Ram
39:18 Bow Saw
39:41 Crop Rotation
39:03 Fletching
39:16 Double Crossbow
41:18 Gold Shaft Mining
40:33 Stone Mining
Meroero
1:24 Loom
12:39 Feudal Age
18:58 Castle Age
18:14 Double-Bit Axe
18:11 Horse Collar
18:39 Stone Mining
28:31 Town Watch
30:27 Heavy Plow
30:28 Gold Mining
30:57 Bow Saw
32:18 Wheelbarrow
32:42 Anarchy
36:53 Imperial Age
34:39 Hand Cart
34:42 Squires
34:44 Scale Mail Armor
34:20 Pikeman
35:14 Forging
35:59 Chain Mail Armor
37:07 Iron Casting
38:02 Conscription
37:51 Perfusion
37:51 Elite Huskarl
39:02 Halberdier
40:52 Stone Shaft Mining
40:53 Crop Rotation
41:24 Two-Man Saw
alsercan87
7:42 Loom
10:32 Feudal Age
11:10 Double-Bit Axe
11:23 Horse Collar
12:23 Gold Mining
18:47 Wheelbarrow
19:33 Wheelbarrow
22:42 Castle Age
21:46 Stone Mining
23:47 Bow Saw
23:39 Heavy Plow
24:21 Gold Shaft Mining
23:44 Capped Ram
25:05 Hand Cart
25:51 Scale Barding Armor
25:47 Scale Mail Armor
26:31 Forging
27:55 Chain Barding Armor
27:57 Chain Mail Armor
35:22 Imperial Age
35:37 Cavalier
36:59 Plate Barding Armor
38:36 Paladin
41:48 Plate Mail Armor
41:53 Iron Casting
henry
9:16 Feudal Age
9:46 Double-Bit Axe
14:27 Loom
16:50 Castle Age
16:00 Horse Collar
16:15 Stone Mining
29:08 Pikeman
32:15 Bloodlines
32:09 Husbandry
33:08 Wheelbarrow
biernot
11:20 Feudal Age
12:02 Feudal Age
13:04 Double-Bit Axe
13:07 Horse Collar
15:50 Castle Age
14:27 Loom
14:38 Stone Mining
15:52 Forging
15:42 Scale Mail Armor
17:04 Bow Saw
26:04 Wheelbarrow
30:27 Imperial Age
28:37 Gold Mining
29:06 Hand Cart
28:39 Town Watch
29:08 Heavy Plow
31:31 Town Patrol
33:06 Chemistry
32:28 Ballistics
32:04 Murder Holes
34:09 Conscription
35:27 Onager
36:54 Squires
36:44 Halberdier
Gentleman No. 7
5:40 Loom
11:41 Feudal Age
11:47 Feudal Age
15:38 Castle Age
14:20 Stone Mining
14:12 Horse Collar
16:59 Double-Bit Axe
17:34 Heavy Plow
19:00 Wheelbarrow
21:22 Bow Saw
25:34 Hand Cart
25:52 Scale Barding Armor
26:59 Town Watch
31:07 Light Cavalry
31:57 Bloodlines
31:59 Gold Mining
33:12 Chain Barding Armor
33:03 Forging
38:10 Imperial Age
35:41 Town Patrol
39:26 Crop Rotation
39:09 Double Crossbow
Achilles
10:41 Feudal Age
14:59 Castle Age
13:40 Loom
13:40 Horse Collar
13:48 Double-Bit Axe
14:55 Gold Mining
17:09 Heavy Plow
23:27 Wheelbarrow
25:35 Bow Saw
26:42 Scale Barding Armor
26:48 Forging
27:59 Gold Shaft Mining
27:39 Bow Saw
27:56 Bloodlines
27:46 Husbandry
28:27 Chain Barding Armor
28:40 Hand Cart
28:36 Stone Mining
29:32 Iron Casting
29:04 Pikeman
33:02 Imperial Age
32:07 Town Watch
32:47 Fletching
34:34 Plate Barding Armor
33:57 Heavy Camel Rider
38:49 Blast Furnace
37:13 Imperial Camel Rider
Connection lost

Rejoining the realm…

Still unreachable

The connection could not be restored.

Session expired

The server has moved on; the page needs a fresh start.